 Dungeon Sprint DCSS version 0.17.1-2-g5865329 (webtiles) character file.

17904 hexophile the Warrior (level 12, -7/123 HPs)
             Began as a Ghoul Fighter on Jan 26, 2016.
             Was the Champion of Makhleb.
             Killed from afar by a frost giant (15 damage)
             ... with a bolt of cold
             ... in the Dungeon (Sprint V: "Ziggurat Sprint").
             The game lasted 00:05:57 (515 turns).

hexophile the Warrior (Ghoul Fighter)                Turns: 515, Time: 00:05:57

Health: -7/123     AC: 24    Str: 36    XL:     12   Next: 52%
Magic:  18/18      EV:  4    Int: 10    God:    Makhleb [******]
Gold:   0          SH: 31    Dex:  8    Spells: 1 memorised, 5 levels left

rFire  + . .     SeeInvis +     C - +14 obsidian axe {chop, +Fly Str+3 SInv *Curse} (curse)
rCold  + + .     Clarity  +     b - +1 gold dragon armour of the Dropbear {rPois rF+ rC+ MR- rCorr Int+3, rC+ rF+ rPois}
rNeg   + + +     SustAt   .     B - +18 shield of the gong {rElec rN+ MR+ EV-5}
rPois  ∞         Gourm    .     O - +1 helmet {SInv} {SInv}
rElec  +         Spirit   .     F - +2 cloak {rPois} {rPois}
rCorr  +         Warding  .     (no gloves)
rMut   .         NoTele   +     (no boots)
MR     .....                    a - amulet of clarity {Clar}
Stlth  ..........               z - +6 ring of strength
                                y - +6 ring of strength

@: mesmerised, rotting, not resistant to hostile enchantments, extremely
unstealthy
A: rotting body, claws 1, carnivore 3, cold resistance 1, negative energy
resistance 3, slow regeneration 1, torment resistance, unbreathing
a: Minor Destruction, Lesser Servant of Makhleb, Major Destruction, Greater
Servant of Makhleb, Renounce Religion, Evoke Flight


You were in the Dungeon.
You worshipped Makhleb.
Makhleb was exalted by your worship.
You were not hungry.

You visited 1 branch


Innate Abilities, Weirdness & Mutations

Your body is rotting away.
You thrive on raw meat.
You are immune to poison.
You have sharp fingernails.
You are carnivorous and can eat meat at any time.
Your flesh is cold resistant.
You are immune to negative energy.
You regenerate slowly when monsters are visible.
You are immune to unholy pain and torment.
You can survive without breathing.

Inventory:

Hand Weapons
 C - the cursed +14 obsidian axe (weapon) {chop, +Fly Str+3 SInv *Curse}
   (You found it in the Dungeon)

   It inflicts extra damage upon your enemies.
   It affects your strength (+3).
   It lets you see invisible.
   It lets you fly.
   It may re-curse itself when equipped.
   It has a curse placed upon it.
Armour
 b - the +1 gold dragon armour of the Dropbear (worn) {rPois rF+ rC+ MR- rCorr Int+3, rC+ rF+ rPois}
   (You found it in the Dungeon)

   It affects your intelligence (+3).
   It protects you from fire.
   It protects you from cold.
   It protects you from poison.
   It affects your resistance to hostile enchantments.
   It protects you from acid and corrosion.
 B - the +18 shield of the gong (worn) {rElec rN+ MR+ EV-5}
   (You found it in the Dungeon)

   It affects your evasion (-5).
   It insulates you from electricity.
   It protects you from negative energy.
   It affects your resistance to hostile enchantments.
 F - a +2 cloak of poison resistance (worn) {rPois}
 G - a +5 gold dragon armour {rC+ rF+ rPois}
 O - a +1 helmet of see invisible (worn) {SInv}
Jewellery
 a - an amulet of clarity (around neck) {Clar}
 y - a +6 ring of strength (left claw)
 z - a +6 ring of strength (right claw)
 J - the ring of Ephemeral Luck {rElec rF+++ rN+++ Str+2 Dex-5}
   (You found it in the Dungeon)

   [ring of strength]

   It affects your strength (+2).
   It affects your dexterity (-5).
   It renders you almost immune to fire.
   It insulates you from electricity.
   It renders you almost immune to negative energy.
 K - the ring of the Townfolk {Str+2 Int+10 Dex-3 Stlth+}
   (You found it in the Dungeon)

   [ring of stealth]

   It affects your strength (+2).
   It affects your intelligence (+10).
   It affects your dexterity (-3).
   It makes you more stealthy.
 M - the amulet "Kini Suo" {Stasis rElec MR+}
   (You found it in the Dungeon)

   [amulet of stasis]

   It prevents you from being teleported, slowed, hasted or paralysed.
   It insulates you from electricity.
   It affects your resistance to hostile enchantments.
Wands
 c - a wand of disintegration (7)
 A - a wand of fire (5)
 D - a wand of cold (5)
 E - a wand of draining (5)
Scrolls
 k - 4 scrolls of blinking
 o - a scroll of brand weapon
 q - 3 scrolls of recharging
 s - 5 scrolls of identify
 t - 5 scrolls of remove curse
 u - 2 scrolls of fear
 w - 7 scrolls of fog
Potions
 d - 6 potions of might {Str+5 DMG+1d10}
 g - 8 potions of heal wounds
 h - 6 potions of haste
 i - 7 potions of magic
 j - 3 potions of berserk rage
 l - 2 potions of brilliance {Archmagi Int+5 Wiz++}
 m - 2 potions of invisibility
 n - 4 potions of resistance {rF+ rC+ rPois rElec rCorr}
 p - 5 potions of agility {Stlth+ Dex+5 EV+5}
 H - 10 potions of curing
Miscellaneous
 f - a fan of gales
 v - a disc of storms
 I - a sack of spiders
 L - a box of beasts
 N - a phial of floods
Comestibles
 e - 5 meat rations
 r - 4 bread rations
 x - 42 fruits


You had 5 spell levels left.
You knew the following spells:

 Your Spells              Type           Power        Failure   Level  Hunger
a - Mass Confusion        Hex            #.........   100%        6    #######


   Skills:
 * Level 16.3 Fighting
 * Level 15.6 Axes
 * Level 10.3 Armour
 * Level 9.9 Dodging
 * Level 11.4 Shields
 * Level 10.0 Evocations

Dungeon Overview and Level Annotations

Branches:
Dungeon (1/1)

Altars:
Ashenzari
Cheibriados
Dithmenos
Elyvilon
Fedhas
Gozag
Kikubaaqudgha
Makhleb
Nemelex Xobeh
Okawaru
Qazlal
Ru
Sif Muna
Trog
Vehumet
Xom
Yredelemnul
Zin
The Shining One
Beogh
Jiyva
Lugonu

Vault maps used:
D:        sprint_v
You       could see 3 frost giants, a sun demon, a freezing wraith, an ice beast
          and a friendly ynoxinul.


Message History

The freezing wraith completely resists.
The bolt of cold hits you! You resist.
* * * LOW HITPOINT WARNING * * *
You block the frost giant's attack.
GONNNNG!
Restored 19 HP.
You have now: 24/122 HP.
Unknown command.
Unknown command.
You slash the freezing wraith!
You destroy the freezing wraith!
Makhleb accepts your kill.
You feel better.
Your Evocations skill increases to level 10!
You slice the white imp!!
You kill the white imp!
Makhleb accepts your kill.
You feel better.
You barely miss the freezing wraith.
The freezing wraith is almost destroyed.
You slice the frost giant!!
The frost giant is severely wounded.
You hit the frost giant but do no damage.
The frost giant is almost dead.
The frost giant hits you with a battleaxe of freezing!!
* * * LOW HITPOINT WARNING * * *
The frost giant freezes you.
* * * LOW HITPOINT WARNING * * *
You block the freezing wraith's attack.
PANG!
You block the freezing wraith's attack.
PANG!
You got additional 1 HP.
You lost 16 HP.
You have now: 8/123 HP.
Unknown command.
Unknown command.
Unknown command.
You slash the ice beast!
The ice beast is heavily wounded.
You slash the frost giant!
The frost giant is almost dead.
You hit the frost giant.
The frost giant is severely wounded.
You hit the freezing wraith. You open a gate to Pandemonium!
A demon appears!
The freezing wraith is almost destroyed.
You block the ice beast's attack.
SHROANNG!
You block the freezing wraith's attack.
GONNNNG!
You block the freezing wraith's attack.
BONNNG!
The frost giant gestures at you while chanting.
The bolt of cold hits you! You resist.
You die...

Action                   |  1- 3 |  4- 6 |  7- 9 | 10-12 || total
-------------------------+-------+-------+-------+-------++-------
Melee: Broad axe         |     2 |    13 |    26 |    95 ||   136
  Use: Potion            |     1 |       |       |     3 ||     4
 Stab: Distracted        |       |       |       |     1 ||     1

Notes
Turn   | Place    | Note
--------------------------------------------------------------
     0 | D        | hexophile the Ghoul Fighter began the quest for the Orb.
     0 | D        | Reached XP level 1. HP: 19/19 MP: 0/0
     0 | D        | Found a roughly hewn altar of Beogh.
     0 | D        | Found a corrupted altar of Lugonu.
     0 | D        | Found a viscous altar of Jiyva.
     0 | D        | Found a white marble altar of Elyvilon.
     0 | D        | Found a sparkling altar of Nemelex Xobeh.
     0 | D        | Found a burning altar of Makhleb.
     0 | D        | Found an iron altar of Okawaru.
     0 | D        | Found a deep blue altar of Sif Muna.
     0 | D        | Found a radiant altar of Vehumet.
     0 | D        | Found a bloodstained altar of Trog.
     0 | D        | Found a shimmering altar of Xom.
    19 | D        | Became a worshipper of Makhleb the Destroyer
    73 | D        | Reached skill level 6 in Fighting
    73 | D        | Reached skill level 5 in Shields
    73 | D        | Reached XP level 2. HP: 23/31 MP: 1/1
   150 | D        | Entered arena 1.
   150 | D        | Noticed Sigmund
   150 | D        | Noticed Jessica
   153 | D        | Killed Jessica
   153 | D        | Reached skill level 7 in Fighting
   153 | D        | Reached skill level 3 in Axes
   153 | D        | Reached XP level 3. HP: 35/39 MP: 2/2
   153 | D        | Killed Sigmund
   153 | D        | Reached * piety under Makhleb
   153 | D        | Reached skill level 9 in Fighting
   153 | D        | Reached skill level 7 in Axes
   153 | D        | Reached XP level 4. HP: 41/50 MP: 3/3
   153 | D        | Reached XP level 5. HP: 46/57 MP: 4/4
   158 | D        | Got the +2 chain mail of Amorality {+Fly rN+ Stlth+}
   211 | D        | Entered arena 2.
   211 | D        | Noticed a crimson imp
   216 | D        | Killed a crimson imp
   216 | D        | Reached XP level 6. HP: 63/63 MP: 5/5
   222 | D        | Entered arena 3.
   224 | D        | Reached ** piety under Makhleb
   224 | D        | Reached skill level 8 in Axes
   226 | D        | Reached *** piety under Makhleb
   238 | D        | Entered arena 4.
   238 | D        | Noticed an orc priest
   238 | D        | Noticed an orc priest
   238 | D        | Noticed an orc priest
   242 | D        | Killed an orc priest
   243 | D        | Killed an orc priest
   243 | D        | Reached **** piety under Makhleb
   243 | D        | Reached skill level 9 in Axes
   245 | D        | Killed an orc priest
   245 | D        | Reached skill level 10 in Fighting
   248 | D        | Entered arena 5.
   248 | D        | Noticed a merfolk
   248 | D        | Noticed a merfolk
   248 | D        | Noticed a merfolk
   248 | D        | Noticed a merfolk
   248 | D        | Noticed a merfolk
   252 | D        | Killed a merfolk
   252 | D        | Reached skill level 10 in Axes
   252 | D        | Reached XP level 7. HP: 63/73 MP: 6/6
   256 | D        | Killed a merfolk
   256 | D        | Reached skill level 11 in Fighting
   256 | D        | Reached skill level 11 in Axes
   257 | D        | Killed a merfolk
   257 | D        | Reached ***** piety under Makhleb
   257 | D        | Reached XP level 8. HP: 37/83 MP: 7/7
   261 | D        | Killed a merfolk
   261 | D        | Reached skill level 12 in Fighting
   261 | D        | Reached skill level 12 in Axes
   262 | D        | Killed a merfolk
   267 | D        | Entered arena 6.
   267 | D        | Noticed a wolf
   267 | D        | Noticed a spriggan
   267 | D        | Noticed a spriggan rider
   267 | D        | Noticed a spriggan rider
   267 | D        | Noticed a spriggan
   267 | D        | Noticed a wolf
   269 | D        | Killed a wolf
   269 | D        | Reached skill level 3 in Armour
   269 | D        | Reached skill level 1 in Dodging
   269 | D        | Reached skill level 1 in Evocations
   271 | D        | Killed a wolf
   273 | D        | Killed a spriggan
   273 | D        | Reached skill level 13 in Axes
   273 | D        | Reached skill level 2 in Dodging
   273 | D        | Reached skill level 6 in Shields
   273 | D        | Reached skill level 2 in Evocations
   273 | D        | Reached XP level 9. HP: 90/92 MP: 7/9
   274 | D        | Killed a spriggan
   274 | D        | Reached ****** piety under Makhleb
   283 | D        | Killed a spriggan rider
   283 | D        | Killed a wasp
   283 | D        | Reached skill level 13 in Fighting
   283 | D        | Reached skill level 4 in Armour
   283 | D        | Reached skill level 3 in Dodging
   283 | D        | Reached skill level 3 in Evocations
   284 | D        | Killed a spriggan rider
   284 | D        | Killed a wasp
   284 | D        | Reached skill level 7 in Shields
   284 | D        | Reached skill level 4 in Evocations
   284 | D        | Reached skill level 5 in Armour
   284 | D        | Reached skill level 4 in Dodging
   293 | D        | Entered arena 7.
   293 | D        | Noticed a scorpion
   293 | D        | Noticed a tarantella
   293 | D        | Noticed a jumping spider
   293 | D        | Noticed a scorpion
   293 | D        | Noticed a scorpion
   293 | D        | Noticed a wolf spider
   297 | D        | Killed a scorpion
   297 | D        | Reached XP level 10. HP: 101/101 MP: 9/12
   298 | D        | Killed a wolf spider
   298 | D        | Reached skill level 5 in Dodging
   298 | D        | Reached skill level 5 in Evocations
   298 | D        | Killed a scorpion
   299 | D        | Killed a scorpion
   300 | D        | Killed a tarantella
   303 | D        | Killed a jumping spider
   303 | D        | Reached skill level 6 in Armour
   308 | D        | Entered arena 8.
   308 | D        | Noticed a deep elf fighter
   308 | D        | Noticed a deep elf conjurer
   308 | D        | Noticed a deep elf conjurer
   308 | D        | Noticed a deep elf conjurer
   308 | D        | Noticed a deep elf fighter
   308 | D        | Noticed a deep elf death mage
   308 | D        | Noticed a deep elf knight
   309 | D        | Identified a +6 rod of shadows (6/11)
   310 | D        | Noticed a manticore
   313 | D        | Killed a deep elf death mage
   313 | D        | Reached skill level 14 in Fighting
   313 | D        | Reached skill level 8 in Shields
   315 | D        | Killed a deep elf conjurer
   315 | D        | Reached skill level 6 in Dodging
   315 | D        | Reached skill level 6 in Evocations
   316 | D        | Killed a deep elf fighter
   316 | D        | Reached skill level 14 in Axes
   316 | D        | Noticed an ice devil
   317 | D        | Killed a deep elf conjurer
   317 | D        | Reached skill level 7 in Armour
   318 | D        | Killed a deep elf fighter
   319 | D        | Killed a deep elf knight
   320 | D        | Killed a deep elf conjurer
   320 | D        | Reached skill level 7 in Dodging
   320 | D        | Reached skill level 9 in Shields
   320 | D        | Reached XP level 11. HP: 111/111 MP: 12/15
   320 | D        | Noticed an ice devil
   327 | D        | Got the cursed ring "Cosmomu" {Str+3 Slay-2}
   329 | D        | Got the ring of Ephemeral Luck {rElec rF+++ rN+++ Str+2 Dex-5}
   333 | D        | Entered arena 9.
   333 | D        | Noticed a guardian mummy
   333 | D        | Noticed a mummy priest
   333 | D        | Noticed a guardian mummy
   333 | D        | Noticed a death scarab
   333 | D        | Noticed a guardian mummy
   333 | D        | Noticed a mummy priest
   333 | D        | Noticed a flying skull
   336 | D        | Killed a flying skull
   336 | D        | Reached skill level 7 in Evocations
   337 | D        | Killed a death scarab
   341 | D        | Noticed a flayed ghost
   343 | D        | Killed a guardian mummy
   344 | D        | Killed a mummy priest
   344 | D        | Reached skill level 8 in Armour
   344 | D        | Killed a guardian mummy
   344 | D        | Noticed a soul eater
   345 | D        | Killed a guardian mummy
   347 | D        | Killed a mummy priest
   347 | D        | Reached skill level 15 in Fighting
   347 | D        | Reached skill level 8 in Dodging
   347 | D        | Reached skill level 8 in Evocations
   347 | D        | Noticed a reaper
   364 | D        | Got the +1 gold dragon armour of the Dropbear {rPois rF+ rC+ MR- rCorr Int+3, rC+ rF+ rPois}
   378 | D        | Got the ring of the Catfish {rF- rN+ Str+2 Dex-2 SInv}
   384 | D        | Entered arena 10.
   384 | D        | Noticed a naga mage
   384 | D        | Noticed a black mamba
   384 | D        | Noticed a water moccasin
   389 | D        | Killed a black mamba
   389 | D        | Reached skill level 10 in Shields
   390 | D        | Killed a water moccasin
   393 | D        | Killed a naga mage
   397 | D        | Got the ring of the Townfolk {Str+2 Int+10 Dex-3 Stlth+}
   403 | D        | Identified Sif Muna's Catalogue of Curses and Creation
   406 | D        | Entered arena 11.
   406 | D        | Noticed a wight
   407 | D        | Noticed a crimson imp
   411 | D        | Killed a wight
   415 | D        | Killed a crimson imp
   429 | D        | Learned a level 6 spell: Mass Confusion
   430 | D        | Got the amulet "Kini Suo" {Stasis rElec MR+}
   431 | D        | Entered arena 12.
   431 | D        | Noticed a deep elf mage
   431 | D        | Noticed a deep elf summoner
   431 | D        | Noticed a deep elf sorcerer
   431 | D        | Noticed a deep elf summoner
   431 | D        | Noticed a deep elf knight
   432 | D        | Noticed a deep elf fighter
   432 | D        | Noticed a deep elf knight
   432 | D        | Noticed a deep elf summoner
   432 | D        | Noticed a deep elf fighter
   432 | D        | Noticed a deep elf mage
   432 | D        | Noticed a deep elf summoner
   436 | D        | Killed a deep elf summoner
   441 | D        | Killed a deep elf sorcerer
   441 | D        | Reached skill level 15 in Axes
   441 | D        | Reached skill level 9 in Armour
   441 | D        | Killed a deep elf summoner
   442 | D        | Killed a deep elf mage
   442 | D        | Reached skill level 9 in Dodging
   442 | D        | Reached XP level 12. HP: 109/121 MP: 17/17
   442 | D        | Killed a deep elf summoner
   442 | D        | Reached skill level 9 in Evocations
   446 | D        | Killed a deep elf fighter
   446 | D        | Killed a deep elf fighter
   447 | D        | Killed a deep elf mage
   448 | D        | Killed a deep elf knight
   453 | D        | Killed a deep elf knight
   458 | D        | Killed a deep elf summoner
   458 | D        | Reached skill level 16 in Fighting
   458 | D        | Reached skill level 11 in Shields
   471 | D        | Entered arena 13.
   472 | D        | Noticed a shadow
   472 | D        | Noticed a freezing wraith
   472 | D        | Noticed a skeletal warrior
   472 | D        | Noticed an ice beast
   472 | D        | Noticed a freezing wraith
   473 | D        | Noticed an ice beast
   473 | D        | Noticed a tormentor
   473 | D        | Noticed a wight
   473 | D        | Noticed a wight
   478 | D        | Killed a freezing wraith
   478 | D        | Killed an ice beast
   478 | D        | Killed a shadow
   480 | D        | Killed a freezing wraith
   480 | D        | Reached skill level 10 in Armour
   481 | D        | Killed a skeletal warrior
   483 | D        | Killed a wight
   483 | D        | Killed a wight
   483 | D        | Killed an ice beast
   483 | D        | Killed a tormentor
   491 | D        | Identified the Almanac of Enchantment and Snow
   496 | D        | Entered arena 14.
   497 | D        | Noticed an ice beast
   497 | D        | Noticed a frost giant
   497 | D        | Noticed an ice dragon
   497 | D        | Noticed a freezing wraith
   498 | D        | Noticed a frost giant
   498 | D        | Noticed a frost giant
   498 | D        | Noticed a freezing wraith
   498 | D        | Noticed a freezing wraith
   504 | D        | Killed an ice dragon
   507 | D        | Killed a freezing wraith
   510 | D        | HP: 1/121 [frost giant/bolt of cold (15)]
   514 | D        | Killed a freezing wraith
   514 | D        | Reached skill level 10 in Evocations
   515 | D        | Killed from afar by a frost giant

Table legend:
 A = Turns spent in this place as a percentage of turns spent in the entire game.
 B = Non-inter-level travel turns spent in this place as a percentage of non-inter-level travel turns spent in the entire game.
 C = Inter-level travel turns spent in this place as a percentage of turns spent in this place.
 D = Turns resting spent in this place as a percentage of non-inter-level travel turns spent in this place.
 E = Turns spent auto-exploring this place as a percentage of non-inter-level travel turns spent in this place.
 F = Non-inter-level travel turns spent in this place divided by the number of levels of this place that you've seen.
                   A       B       C       D       E      F
               +-------+-------+-------+-------+-------+----------------------
         Total | 100.0 | 100.0 |   0.0 |   0.8 |   0.0 | 477.0
       Dungeon | 100.0 | 100.0 |   0.0 |   0.8 |   0.0 | 477.0
               +-------+-------+-------+-------+-------+----------------------

Table legend:
 A = Kills in this place as a percentage of kills in entire the game.
 B = Kills by you in this place as a percentage of kills by you in the entire game.
 C = Kills by friends in this place as a percentage of kills by friends in the entire game.
 D = Other kills in this place as a percentage of other kills in the entire game.
 E = Experience gained in this place as a percentage of experience gained in the entire game.
 F = Experience gained in this place divided by the number of levels of this place that you have seen.
                   A       B       C       D       E      F
               +-------+-------+-------+-------+-------+----------------------
         Total | 100.0 | 100.0 | 100.0 |  -nan | 100.0 | 25568.0
       Dungeon | 100.0 | 100.0 | 100.0 |  -nan | 100.0 | 25568.0
               +-------+-------+-------+-------+-------+----------------------

Vanquished Creatures
  A deep elf sorcerer (D)
  A deep elf death mage (D)
  2 mummy priests (D)
  An ice dragon (D)
  3 deep elf knights (D)
  A skeletal warrior (D)
  A death scarab (D)
  3 deep elf summoners (D)
  A wolf spider (D)
  3 deep elf conjurers (D)
  A black mamba (D)
  A naga mage (D)
  3 guardian mummies (D)
  A jumping spider (D)
  5 merfolk (D)
  4 freezing wraiths (D)
  A shadow (D)
  A flying skull (D)
  Sigmund (D)
  A deep elf mage (D)
  3 deep elf fighters (D)
  4 spriggans (D)
  A water moccasin (D)
  2 wolves (D)
  2 wasps (D)
  2 ice beasts (D)
  3 scorpions (D)
  3 wights (D)
  2 crimson imps (D)
  3 orc priests (D)
  Jessica (D)
  7 adders (D)
  4 white imps (D)
  2 adder zombies (D)
  An adder simulacrum (D)
  An orc (D)
  3 ball pythons (D)
  4 bat skeletons (D)
  A bat zombie (D)
  A giant cockroach zombie (D)
  A giant gecko simulacrum (D)
  A jackal skeleton (D)
  A quokka skeleton (D)
89 creatures vanquished.

Vanquished Creatures (collateral kills)
  A deep elf summoner (D)
  A tormentor (D)
  A deep elf mage (D)
  A tarantella (D)
  A deep elf fighter (D)
  An adder skeleton (D)
  A bat skeleton (D)
  A giant cockroach zombie (D)
8 creatures vanquished.

Grand Total: 97 creatures vanquished
